 Dungeon Crawl Stone Soup version 0.22.1 (webtiles) character file.

1020 MajorAdolf the Chopper (level 7, -1/58 HPs)
             Began as a Demigod Fighter on Sept 19, 2018.
             Slain by a wight
             ... wielding a +4 battleaxe of freezing
              (12 damage)
             ... on level 6 of the Dungeon.
             The game lasted 00:08:47 (5088 turns).

MajorAdolf the Chopper (Demigod Fighter)            Turns: 5088, Time: 00:08:48

Health: -1/58      AC:  5    Str: 19    XL:     7   Next: 71%
Magic:  9/9        EV:  8    Int: 12    God:
Gold:   263        SH: 11    Dex: 19    Spells: 6/6 levels left

rFire    . . .     SeeInvis .   C - +1 hand axe (chop)
rCold    . . .     Gourm    .   c - +1 shield
rNeg     . . .     Faith    .   t - +0 ring mail
rPois    +         Spirit   .   (no helmet)
rElec    .         Reflect  .   (no cloak)
rCorr    .         Harm     .   (no gloves)
MR       .....                  (no boots)
Stlth    +.........             (no amulet)
HPRegen  0.19/turn              k - +5 ring of slaying
MPRegen  0.11/turn              s - ring of poison resistance

@: drained
A: high mp 1
a: no special abilities


You were on level 6 of the Dungeon.
You were not hungry.

You visited 1 branch of the dungeon, and saw 6 of its levels.

You collected 263 gold pieces.

Inventory:

Hand Weapons
 a - a +0 war axe
 r - a +0 shortbow
 C - a +1 hand axe of chopping (weapon)
Missiles
 u - 106 arrows
Armour
 b - a +0 scale mail
 c - a +1 shield (worn)
 n - a -1 robe
 t - a +0 ring mail (worn)
Jewellery
 k - a +5 ring of slaying (left hand)
 o - a +3 ring of dexterity
 s - a ring of poison resistance (right hand)
Wands
 q - a wand of disintegration (17)
 z - a wand of enslavement (9)
Scrolls
 e - 2 scrolls of amnesia
 g - 2 scrolls of identify
 m - 5 scrolls of teleportation
 p - 2 scrolls of remove curse
 v - a scroll of immolation {unknown}
 w - a scroll of fear {unknown}
 x - a scroll of enchant armour
 y - a scroll of blinking {unknown}
Potions
 d - 3 potions of flight {unknown}
 h - a potion of cancellation {unknown}
 i - 2 potions of magic
 j - 2 potions of mutation
 l - 5 potions of curing {unknown}
 A - a potion of agility {unknown}
Comestibles
 f - 17 rations


   Skills:
 + Level 3.9(3.0) Fighting
 + Level 6.0(5.0) Axes
 + Level 4.4(3.5) Armour
 + Level 1.8(0.9) Dodging
 + Level 1.0(0.2) Stealth
 + Level 4.3(3.3) Shields


You had 6 spell levels left.
You didn't know any spells.
Your spell library contained the following spells:

 Spells                   Type           Power        Failure   Level  Hunger
 Animate Skeleton         Necr           N/A          94%         1    ##.....
 Apportation              Tloc           #.....       94%         1    ##.....
 Confusing Touch          Hex            #.....       94%         1    ##.....
 Summon Small Mammal      Summ           #...         94%         1    ##.....


Dungeon Overview and Level Annotations

Branches:
Dungeon (6/15)
 Temple: D:4-7

Shops:
D:5 %

Annotations:
D:6 1 runed door


Innate Abilities, Weirdness & Mutations

You have an increased reservoir of magic. (+10% MP)


Message History

You slash the wight!
The wight is heavily damaged.
The wight hits you with a scimitar.
* * * LOW HITPOINT WARNING * * *
You feel drained.
You slash the wight!
You destroy the wight!
Your base Axes skill increases to level 6!
You closely miss the wight.
The wight is heavily damaged.
The wight barely misses you.
You closely miss the wight.
The wight is heavily damaged.
You block the wight's attack.
You closely miss the wight.
The wight is heavily damaged.
You hit the wight.
The wight is severely damaged.
The wight hits you with a battleaxe of freezing!
You die...

######.################
#.# #.# #.####♣
#...#.♣♣♣ ♣♣#
#.......♣♣♣♣.+
#.#......♣..♣#
#.###...♣.♣♣♣ #@#
##♣♣♣♣♣ #z# #.. #...
..... ####.. ###


You could see a wight.

Vanquished Creatures
  Grinder (D:3)
  A water moccasin (D:6)
  A centaur (D:3)
  Blork the orc (D:6)
  A bullfrog (D:6)
  A wight (D:6)
  A crimson imp (D:5)
  5 hounds
  A centaur zombie (D:5)
  A bullfrog skeleton (D:4)
  3 worker ants
  A hound skeleton (D:4)
  4 adders
  A shadow imp (D:6)
  3 oozes
  5 worms
  4 dart slugs
  A leopard gecko (D:3)
  3 orcs (D:6)
  A ball python (D:3)
  3 bats
  6 giant cockroaches
  4 goblins
  11 hobgoblins
  9 kobolds
  3 quokkas
  5 frilled lizards
  A jackal zombie (D:5)
  A quokka skeleton (D:5)
  4 rats
87 creatures vanquished.

Notes
Turn   | Place    | Note
-------+----------+-------------------------------------------
     0 | D:1      | MajorAdolf the Demigod Fighter began the quest for the Orb.
     0 | D:1      | Reached XP level 1. HP: 18/18 MP: 3/3
   358 | D:1      | Reached XP level 2. HP: 25/25 MP: 4/4
   414 | D:1      | Reached skill level 2 in Axes
   938 | D:1      | You fall through a shaft!
  1056 | D:2      | Reached XP level 3. HP: 24/30 MP: 5/5
  2574 | D:3      | Noticed a centaur
  2581 | D:3      | Killed a centaur
  2581 | D:3      | Reached skill level 3 in Axes
  2581 | D:3      | Reached XP level 4. HP: 32/38 MP: 6/6
  2584 | D:3      | Reached XP level 5. HP: 35/45 MP: 7/7
  2643 | D:3      | Found a sparkling altar of Nemelex Xobeh.
  2815 | D:3      | Noticed Grinder
  2816 | D:3      | Paralysed by Grinder for 5 turns
  2855 | D:3      | Killed Grinder
  2855 | D:3      | Reached skill level 4 in Axes
  2855 | D:3      | Reached skill level 1 in Dodging
  2855 | D:3      | Reached XP level 6. HP: 21/51 MP: 8/8
  3231 | D:4      | Found a white marble altar of Elyvilon.
  3963 | D:4      | Reached skill level 5 in Axes
  4050 | D:5      | Entered Level 5 of the Dungeon
  4336 | D:5      | Found a deep blue altar of Sif Muna.
  4336 | D:5      | Found a hazy altar of Hepliaklqana.
  4337 | D:5      | Found a radiant altar of Vehumet.
  4432 | D:5      | Reached XP level 7. HP: 55/57 MP: 9/9
  4508 | D:5      | Found Vizosot's Food Emporium.
  4651 | D:6      | HP: 2/58 [bullfrog (5)]
  4935 | D:6      | Found a shadowy altar of Dithmenos.
  4969 | D:6      | Reached skill level 1 in Stealth
  4992 | D:6      | Noticed Blork the orc
  5001 | D:6      | Killed Blork the orc
  5062 | D:6      | Found a runed door.
  5084 | D:6      | Reached skill level 6 in Axes
  5088 | D:6      | Slain by a wight

Skill      XL: |  1  2  3  4  5  6  7 |
---------------+----------------------+-----
Armour         | 3 4 |  4.4
Axes           | 2 3 4 5 6 |  6.0
Shields        | 3 4 |  4.3
Fighting       | 3 |  3.9
Dodging        | 1 |  1.8
Stealth        | 1 |  1.0

Action                   |  1- 3 |  4- 6 |  7- 9 || total
-------------------------+-------+-------+-------++-------
Melee: War axe           |   156 |    89 |     9 ||   254
       Hand axe          |       |       |    38 ||    38
  Use: Scroll            |     7 |       |       ||     7
       Potion            |       |     1 |     1 ||     2
 Stab: Sleeping          |     1 |       |       ||     1
  Eat: Chunk             |     6 |     5 |     3 ||    14
Armor: Scale mail        |    59 |       |       ||    59
       Ring mail         |     9 |    22 |     7 ||    38
Dodge: Dodged            |    38 |    30 |    16 ||    84
Block: Shield            |    77 |    49 |    28 ||   154
